 Dungeon Sprint DCSS version 0.28-a0-239-g68911e0c57 (webtiles) character file.

Game seed: 16511267762533909469

32 MikeHunt the Insei (level 3, -1/30 HPs)
             Began as a Vine Stalker Brigand on Aug 23, 2021.
             Was a Believer of Ru.
             Slain by a fire bat (7 damage)
             ... in the Dungeon (Sprint VII: "The Pits").
             The game lasted 00:02:21 (335 turns).

MikeHunt the Insei (Vine Stalker Brigand)            Turns: 335, Time: 00:02:21

Health: -1/30      AC:  3    Str: 14    XL:     3   Next: 25%
Magic:  0/4        EV: 11    Int: 11    God:    Ru [**....]
Gold:   0          SH:  0    Dex: 15    Spells: 2/2 levels left

rFire   . . .      SeeInvis .   a - +2 dagger
rCold   . . .      Faith    .   (no shield)
rNeg    . . .      Spirit   +   b - +0 robe
rPois   .          Reflect  .   (no helmet)
rElec   .          Harm     .   c - +0 cloak
rCorr   .          Rampage  .   (no gloves)
Will    .....      NoTele   +   (no boots)
Stlth   ..........              (no amulet)
HPRegen 0.10/turn               (no ring)
MPRegen 0.09/turn               (no ring)

@: berserking, very slightly contaminated, invisible, very quick
A: fangs 2, magic shield, antimagic bite, no potion heal 2, hated by all
a: Renounce Religion


You were in the Dungeon.
You worshipped Ru.
Ru was pleased with you.
You visited 1 branch

Inventory:

Hand Weapons
 a - a +2 dagger (weapon)
Missiles
 d - 7 poisoned darts (quivered)
 e - 2 curare-tipped darts
Armour
 b - a +0 robe (worn)
 c - a +0 cloak (worn)
Scrolls
 j - a scroll of blinking
Potions
 f - 6 potions of curing
 g - a potion of haste
 h - 4 potions of magic
 i - a potion of berserk rage
 k - a potion of invisibility


   Skills:
 + Level 3.3 Fighting
 - Level 1.7 Short Blades
 - Level 1.7 Throwing
 - Level 0.7 Dodging
 - Level 4.8 Stealth
 + Level 5.1 Unarmed Combat


You had 2 spell levels left.
You didn't know any spells.
Your spell library was empty.

Dungeon Overview and Level Annotations

Branches:
Dungeon (1/1)

Altars:
Ashenzari
Cheibriados
Dithmenos
Elyvilon
Fedhas
Gozag
Hepliaklqana
Kikubaaqudgha
Makhleb
Nemelex Xobeh
Okawaru
Qazlal
Ru
Sif Muna
Trog
Uskayaw
Vehumet
Wu Jian
Xom
Yredelemnul
Zin
The Shining One
Beogh
Jiyva
Lugonu

Annotations:
D Pikel


Innate Abilities, Weirdness & Mutations

You have extremely sharp teeth.
When hurt, damage is shared between your health and your magic reserves.
Your bite disrupts and absorbs the magic of your enemies.
Potions cannot restore your health.
You are hated by all.


Message History

There is an open door here.
Okay, then.
There is an open door here.
There is an open door here.
You open the door.
There is an open door here.
Okay, then.
You open the door.
A giant cockroach and a lemure come into view.
A warg, a hobgoblin, a lemure and Pikel come into view.
Pikel is wielding a +1 whip of electrocution and carrying a wand of iceblast (10).
The lemure shouts! x2; You hear a shout!
A fire bat comes into view.
A lemure comes into view.
A necrophage comes into view.
There is an open door here.
Unknown command.
The fire bat bites you.
You are engulfed in flames!
You fade into invisibility!
The fire bat barely misses you. x2
You are very lightly contaminated with residual magic.
Throw: 8 darts (poison)
Press: ? - help, Q - select action, (/) - cycle Shift-Dir - straight line, f - fire bat
Aim: a fire bat (44% to hit)
You throw a poisoned dart.
The poisoned dart completely misses the fire bat.
The poisoned dart hits the necrophage.
The fire bat bites you but does no damage.
A red film seems to cover your vision as you go berserk!
You feel yourself moving faster!
You feel mighty!
You redirect the fire bat's attack!
The fire bat barely misses itself.
The fire bat bites you.
You are engulfed in flames!
* * * LOW HITPOINT WARNING * * *
The fire bat misses you.
You puncture the fire bat! Your bite misses the fire bat.
The fire bat is heavily wounded.
The fire bat bites you.
* * * LOW HITPOINT WARNING * * *
You are engulfed in flames!
You die...

##########.##.....
#.......÷.).'.....
#'#####'#####.....
#.#..#÷..'.##.....
#.#..#...#.#####'#
#.#..#####.##.....
#.#..†..†#.##.....
#.#..†.)†'.##.....
#@#..########...<.
#b#..'[)))!##.....
#n#..#[))).##.....
#(###########.....
#......g# ######
#5..#n..# #...# .#
#5##. #.5 #.


You could see 2 lemures, a necrophage and a fire bat.

Vanquished Creatures
  A mummy (D)
  An endoplasm (D)
  2 giant cockroaches (D)
  2 goblins (D)
  9 jackals (D)
15 creatures vanquished.

Notes
Turn   | Place    | Note
-------+----------+-------------------------------------------
     0 | D        | MikeHunt the Vine Stalker Brigand began the quest for the
                  | Orb.
     0 | D        | Reached XP level 1. HP: 11/11 MP: 2/2
    12 | D        | Reached skill level 1 in Unarmed Combat
    14 | D        | Found a bloodstained altar of Trog.
    14 | D        | Found a shimmering blue altar of Sif Muna.
    14 | D        | Found a viscous altar of Jiyva.
    14 | D        | Found a hazy altar of Hepliaklqana.
    14 | D        | Found an opulent altar of Gozag.
    15 | D        | Found a glowing golden altar of the Shining One.
    15 | D        | Found a glowing silver altar of Zin.
    15 | D        | Found a basalt altar of Yredelemnul.
    15 | D        | Found a shimmering altar of Xom.
    15 | D        | Found an ornate altar of the Wu Jian Council.
    15 | D        | Found a sacrificial altar of Ru.
    15 | D        | Found a stormy altar of Qazlal.
    15 | D        | Found an iron altar of Okawaru.
    15 | D        | Found a sparkling altar of Nemelex Xobeh.
    15 | D        | Found a burning altar of Makhleb.
    15 | D        | Found a blossoming altar of Fedhas.
    15 | D        | Found a white marble altar of Elyvilon.
    15 | D        | Found a shadowy altar of Dithmenos.
    15 | D        | Found a snail-covered altar of Cheibriados.
    16 | D        | Found a radiant altar of Vehumet.
    16 | D        | Found a corrupted altar of Lugonu.
    17 | D        | Found a hide-covered altar of Uskayaw.
    17 | D        | Found an ancient bone altar of Kikubaaqudgha.
    17 | D        | Found a broken altar of Ashenzari.
    20 | D        | Became a worshipper of Ru the Awakened
    47 | D        | Reached skill level 2 in Unarmed Combat
    49 | D        | Reached skill level 3 in Unarmed Combat
    56 | D        | Reached XP level 2. HP: 10/15 MP: 3/3
    60 | D        | Reached skill level 4 in Unarmed Combat
   184 | D        | Reached skill level 5 in Unarmed Combat
   184 | D        | Reached XP level 3. HP: 20/20 MP: 4/4
   191 | D        | Gained mutation: You are hated by all. [Ru sacrifice]
   191 | D        | Reached * piety under Ru
   191 | D        | Reached ** piety under Ru
   327 | D        | Noticed a lemure
   328 | D        | Noticed Pikel
   328 | D        | Noticed a lemure
   328 | D        | Noticed a warg
   328 | D        | Noticed a fire bat
   328 | D        | Noticed a lemure
   328 | D        | Noticed a necrophage
   335 | D        | Slain by a fire bat

Illustrated notes

Levels and vault maps discovered:
D:        pitsprint [storerooms_1, entrance_room_1, metal_vault_2, armoury_1,
          mini_pit_1, grid_room_1, main_hall_1, silver_pit, the_coven_1,
          the_vestibule_1, steel_vault_1, golden_pit, hallway_of_sentries,
          crystal_vault_3, iron_vault_2, final_vault]

Skill      XL: |  1  2 |
---------------+-------+-----
Unarmed Combat | 3 5 |  5.1
Fighting       | 3 |  3.3
Short Blades   | |  1.7
Throwing       | |  1.7
Dodging        | |  0.7
Stealth        | |  4.8

Action                   || total
-------------------------++-------
Melee: Dagger            ||    33
       Bite              ||     6
Throw: Dart              ||     1
Invok: Sacrifice Love    ||     1
  Use: Potion            ||     3
 Stab: Sleeping          ||     5
Armor: Robe              ||    10
Dodge: Dodged            ||    22

Table legend: (Time is in decaauts)
 A = Elapsed time spent in this place.
 B = Non-inter-level travel time spent in this place.
 C = Inter-level travel time spent in this place.
 D = Time resting spent in this place.
 E = Time spent auto-exploring this place.
 F = Levels seen in this place.
 G = Mean time per level.
                   A        B        C        D        E       F      G
               +--------+--------+--------+--------+--------+-----+--------+
         Total |    342 |    342 |      0 |    187 |      0 |   1 |  342.0 |
       Dungeon |    342 |    342 |      0 |    187 |      0 |   1 |  342.0 |
               +--------+--------+--------+--------+--------+-----+--------+

Top non-repeatable levels by time:
       D: 342 daAuts
